 Dungeon Crawl Stone Soup version 0.22-a0-160-gcc81d7a (webtiles) character file.

504 Borgoz the Skirmisher (level 7, -2/62 HPs)
             Began as a Hill Orc Abyssal Knight on Feb 10, 2018.
             Was a Believer of Lugonu.
             Killed by divine providence
             ... invoked by an orc priest
              (14 damage)
             ... on level 4 of the Dungeon.
             The game lasted 00:08:03 (4625 turns).

Borgoz the Skirmisher (Hill Orc Abyssal Knight)     Turns: 4625, Time: 00:08:04

Health: -2/62      AC:  4    Str: 15    XL:     7   Next: 17%
Magic:  10/10      EV: 12    Int: 12    God:    Lugonu [**....]
Gold:   197        SH:  0    Dex: 12    Spells: 6/6 levels left

rFire    . . .     SeeInvis .   a - +1 hand axe
rCold    . . .     Gourm    .   (no shield)
rNeg     . . .     Faith    .   m - +1 leather armour
rPois    .         Spirit   .   (no helmet)
rElec    .         Reflect  .   (no cloak)
rCorr    .         Harm     .   (no gloves)
MR       +....                  (no boots)
Stlth    +.........             (no amulet)
HPRegen  0.20/turn              d - ring of protection from magic
MPRegen  0.12/turn              (no ring)

@: no status effects
A: no striking features
a: Depart the Abyss, Bend Space, Renounce Religion, Convert to Beogh


You were on level 4 of the Dungeon.
You worshipped Lugonu.
Lugonu was pleased with you.
You were not hungry.

You visited 1 branch of the dungeon, and saw 5 of its levels.
You visited the Abyss 1 time.

You collected 197 gold pieces.

Inventory:

Hand Weapons
 a - a +1 hand axe (weapon)
 b - a +2 flail of protection
Armour
 m - a +1 leather armour (worn)
Jewellery
 d - a ring of protection from magic (left hand)
Wands
 j - a wand of flame (43)
Scrolls
 f - a scroll of enchant weapon
 g - a scroll of fear
 k - a scroll of teleportation
 o - a scroll of remove curse
Potions
 h - 2 potions of haste
 l - 2 potions of curing
 n - a potion of agility
Books
 q - a book of Cantrips

   Spells                             Type                      Level
   a - Confusing Touch                Hexes                        1
   b - Animate Skeleton               Necromancy                   1
   c - Summon Small Mammal            Summoning                    1
   d - Apportation                    Translocation                1
Comestibles
 c - 4 rations


   Skills:
 * Level 5.8 Fighting
 * Level 5.7 Axes
 + Level 3.6 Armour
 + Level 2.3 Dodging
 + Level 4.3 Invocations


You had 6 spell levels left.
You didn't know any spells.

Dungeon Overview and Level Annotations

Branches:
Dungeon (5/15)
 Temple: D:4-7

Altars:
Ashenzari
Yredelemnul
The Shining One

Annotations:
D:4 1 runed door, Borgoz's ghost, amateur HOAK
D:5 ThereIsNoGod's ghost, novice SpVM


Message History

The puff of flame hits you!
* * * LOW HITPOINT WARNING * * *
You hit the orc wizard.
You kill the orc wizard!
Lugonu accepts your kill.
You completely miss the orc priest. The orc priest hits you.
* * * LOW HITPOINT WARNING * * *
Unknown command.
You barely miss the orc priest.
The orc priest is severely wounded.
The orc priest miscasts a cantrip.
You hit the orc priest but do no damage.
The orc priest is severely wounded.
The orc priest hits you.
* * * LOW HITPOINT WARNING * * *
You hit the orc priest but do no damage.
The orc priest is severely wounded.
The orc priest mumbles some strange prayers to Beogh against you.
Beogh smites you!
You die...

#...# #.### #.# .#
#<# #.##.## # #>
#.# #.##.. .#...#
#.# #.##.##.#.#o##
#.# #.##..........
#.# #.#...#..#..#
#.#####.#..#..#.o#
#...@).......#..#
###..o..##..#..#
#.######.#..#..#.
... ##...o......
...## #..####..###
#.#. #.#)......# #
# #.###.###### ##
.# .#


You could see an orc priest.

Vanquished Creatures
  Sigmund (D:2)
  A scorpion (D:5)
  A jelly (D:4)
  An orc wizard (D:4)
  An orc priest (D:3)
  Jessica (D:3)
  Natasha (thrice) (D:3)
  2 adders
  An ooze (D:3)
  An adder skeleton (D:5)
  An adder zombie (D:5)
  2 worms
  A dart slug (D:1)
  A leopard gecko (D:3)
  7 orcs
  3 giant cockroaches
  5 goblins
  9 hobgoblins
  6 jackals
  4 kobolds
  3 quokkas
  10 bats
  2 frilled lizards
  3 rats
70 creatures vanquished.

Notes
Turn   | Place    | Note
-------+----------+-------------------------------------------
     0 | Abyss:1  | Borgoz the Hill Orc Abyssal Knight began the quest for the Orb.
     0 | Abyss:1  | Reached XP level 1. HP: 19/19 MP: 2/2
   127 | Abyss:1  | Noticed a sixfirhy
   127 | D:1      | Escaped the Abyss
   418 | D:1      | Reached XP level 2. HP: 21/27 MP: 3/3
   525 | D:1      | Reached skill level 1 in Dodging
   680 | D:1      | Reached * piety under Lugonu
  1320 | D:2      | Reached XP level 3. HP: 32/33 MP: 5/5
  1386 | D:2      | Noticed Sigmund
  1405 | D:2      | Killed Sigmund
  1405 | D:2      | Reached XP level 4. HP: 37/41 MP: 6/6
  1405 | D:2      | Reached XP level 5. HP: 43/47 MP: 7/7
  1735 | D:2      | Found a glowing golden altar of the Shining One.
  2064 | D:3      | Reached skill level 5 in Fighting
  2074 | D:3      | Found a basalt altar of Yredelemnul.
  2155 | D:3      | Found a shattered altar of Ashenzari.
  2224 | D:3      | Noticed Jessica
  2254 | D:3      | Killed Jessica
  2254 | D:3      | Reached ** piety under Lugonu
  2254 | D:3      | Reached XP level 6. HP: 22/56 MP: 8/8
  2498 | D:3      | Noticed Natasha
  2516 | D:3      | Killed Natasha
  2516 | D:3      | Reached skill level 5 in Axes
  2933 | D:3      | Noticed Natasha
  2937 | D:3      | Killed Natasha
  3070 | D:3      | Noticed Natasha
  3084 | D:3      | Killed Natasha
  3421 | D:4      | Found a runed door.
  3607 | D:4      | Noticed Borgoz's ghost (amateur HOAK)
  3629 | D:5      | Entered Level 5 of the Dungeon
  3822 | D:5      | Noticed ThereIsNoGod's ghost (novice SpVM)
  3874 | D:5      | Reached XP level 7. HP: 57/62 MP: 10/10
  4625 | D:4      | Killed from afar by an orc priest

Vault maps used:
D:1:      minmay_arrival_five_plusses
D:2:      tso_altar, first_ration, minmay_tetromino_s4, uniq_sigmund
D:3:      ashenzari_conservatory_becter, lemuel_crystal_altar, uniq_jessica,
          uniq_natasha
D:4:      minmay_misc_feat_diagonals, uniq_crazy_yiuf_cottage
D:5:      lemuel_coloured_pillars_altar, serial_shops, nicolae_shop_crystal,
          hangedman_decor_opposing

Skill      XL: |  1  2  3  4  5  6 |
---------------+-------------------+-----
Axes           | 3 4 5 |  5.7
Dodging        | 1 2 |  2.3
Fighting       | 4 5 |  5.8
Armour         | 3 |  3.6
Invocations    | 3 4 |  4.3

Action                   |  1- 3 |  4- 6 |  7- 9 || total
-------------------------+-------+-------+-------++-------
Melee: Hand axe          |    83 |   162 |    43 ||   288
Invok: Depart the Abyss  |     1 |       |       ||     1
  Use: Potion            |     3 |     2 |     1 ||     6
       Scroll            |       |    10 |     1 ||    11
  Eat: Chunk             |     1 |     8 |     3 ||    12
Armor: Leather armour    |    33 |    30 |    13 ||    76
       Skin              |       |    21 |       ||    21
Dodge: Dodged            |    53 |   103 |    40 ||   196

Table legend:
 A = Spawn XP
 B = Non-spawn XP
 C = Spawn XP percentage of total XP
 D = Spawn monster count
 E = Non-spawn monster count
 F = Spawn count percentage of total count
 G = Total turns spent on level
                    A         B        C        D         E        F      G
               +---------+---------+-------+---------+---------+-------+---------
         Total |       0 |     720 |   0.0 |       0 |      70 |   0.0 |  4625
               +---------+---------+-------+---------+---------+-------+---------
           D:1 |       0 |      23 |   0.0 |       0 |      13 |   0.0 |   945
           D:2 |       0 |     255 |   0.0 |       0 |      13 |   0.0 |   982
           D:3 |       0 |     271 |   0.0 |       0 |      36 |   0.0 |  1867
           D:4 |       0 |      91 |   0.0 |       0 |       5 |   0.0 |   435
           D:5 |       0 |      80 |   0.0 |       0 |       3 |   0.0 |   269
               +---------+---------+-------+---------+---------+-------+---------
